 Dungeon Crawl Stone Soup version 0.29.1-15-g9cfb28693d (webtiles) character file.

Game seed: 11688230179551551791

6847 jtron the Protected (level 11, -3/81 HPs)
             Began as a Gnoll Wanderer on Mar 2, 2023.
             Was a Follower of Nemelex Xobeh.
             Slain by an orc knight
             ... wielding a +0 war axe
              (21 damage)
             ... in a bailey on Mar 3, 2023.
             The game lasted 00:33:12 (10093 turns).

jtron the Protected (Gnoll Wanderer)               Turns: 10093, Time: 00:33:13

Health: -3/81      AC: 11    Str: 13    XL:     11   Next: 6%
Magic:  21/21      EV: 14    Int: 18    God:    Nemelex Xobeh [*.....]
Gold:   1295       SH:  0    Dex: 18    Spells: 16/23 levels left

rFire   . . .      SeeInvis .   a - +7 Throatcutter {drain, coup de grace}
rCold   . . .      Faith    .   (no shield)
rNeg    . . .      Spirit   .   c - +0 ring mail
rPois   .          Reflect  .   k - +2 hat
rElec   .          Harm     .   (no cloak)
rCorr   +          Rampage  .   m - +0 pair of gloves
Will    .....                   z - +0 pair of boots
Stlth   +++.......              (no amulet)
HPRegen 0.23/turn               q - ring "Hanuntudgh" {rCorr Str+4 Dex+6 Slay+3}
MPRegen 0.17/turn               (no ring)

@: flying
A: fangs 1, strong nose, distributed training
a: Renounce Religion, Draw Escape, Draw Destruction, Draw Summoning


You were in a bailey.
You worshipped Nemelex Xobeh.
Nemelex Xobeh was aware of your devotion.
You visited 2 branches of the dungeon, and saw 10 of its levels.
You also visited: Sewer, Ossuary and Bailey.

You collected 1465 gold pieces.
You spent 170 gold pieces at shops.

Inventory:

Hand Weapons
 a - the +7 Throatcutter (weapon) {drain, coup de grace}
   (You took it off Terence on level 3 of the Dungeon)

   A truly terrible weapon, it drains the life of any living foe it strikes.
   It may instantly kill foes which have little health.
 b - a +1 shortbow of freezing
 l - the +9 hand axe "Testudineslayer" {elec, rN+ Will- Int+9 Stlth-}
   (You took it off a gnoll on level 7 of the Dungeon)

   It occasionally discharges a powerful burst of electricity upon striking a
   foe.
   Int:       It affects your intelligence (+9).
   rN:        It protects you from negative energy.
   Will:      It decreases your willpower.
   Stlth:     It makes you less stealthy.
Missiles
 f - 17 poisoned darts (quivered)
 v - 69 stones
 x - a curare-tipped dart
 H - 7 boomerangs
Armour
 c - a +0 ring mail (worn)
 k - a +2 hat (worn)
 m - a +0 pair of gloves (worn)
 z - a +0 pair of boots (worn)
 B - the +0 leather armour of Ogaponn {rF+ Int+4 Dex-3 Slay+6}
   (You found it on level 8 of the Dungeon)

   Int:       It affects your intelligence (+4).
   Dex:       It affects your dexterity (-3).
   Slay:      It affects your accuracy & damage with ranged weapons and melee
   (+6).
   rF:        It protects you from fire.
Magical Staves
 h - a staff of poison
Jewellery
 q - the ring "Hanuntudgh" (left hand) {rCorr Str+4 Dex+6 Slay+3}
   (You acquired it on level 1 of the Dungeon)

   [ring of dexterity]

   Str:       It affects your strength (+4).
   Dex:       It affects your dexterity (+6).
   Slay:      It affects your accuracy & damage with ranged weapons and melee
   (+3).
   rCorr:     It protects you from acid and corrosion.
Wands
 u - a wand of paralysis (9)
 D - a wand of flame (10)
Scrolls
 e - a scroll of enchant weapon
 g - 3 scrolls of blinking
 j - 5 scrolls of acquirement
 o - 7 scrolls of teleportation
 y - a scroll of summoning {unknown}
 A - a scroll of vulnerability {unknown}
 C - a scroll of brand weapon {unknown}
 E - 2 scrolls of fear
 F - 2 scrolls of immolation
Potions
 d - 2 potions of mutation
 i - 2 potions of brilliance
 n - a potion of heal wounds
 p - 5 potions of invisibility
 r - 2 potions of attraction
 s - a potion of ambrosia
 t - a potion of flight
 w - 2 potions of might


   Skills:
 + Level 6.1 Fighting
 + Level 6.1 Short Blades
 + Level 6.1 Long Blades
 + Level 6.1 Axes
 + Level 6.1 Maces & Flails
 + Level 6.1 Polearms
 + Level 6.1 Staves
 + Level 6.1 Ranged Weapons
 + Level 6.1 Throwing
 + Level 9.1 Armour
 + Level 6.1 Dodging
 + Level 6.1 Stealth
 + Level 6.1 Shields
 + Level 6.1 Unarmed Combat
 + Level 6.8 Spellcasting
 + Level 5.0 Conjurations
 + Level 5.0 Hexes
 + Level 5.0 Summonings
 + Level 5.0 Necromancy
 + Level 5.0 Translocations
 + Level 6.4 Transmutations
 + Level 5.0 Fire Magic
 + Level 5.0 Ice Magic
 + Level 8.8 Air Magic
 + Level 5.0 Earth Magic
 + Level 5.0 Poison Magic
 + Level 6.7 Invocations
 + Level 6.1 Evocations


You had 16 spell levels left.
You knew the following spells:

 Your Spells              Type           Power      Damage    Failure   Level
a - Shock                 Conj/Air       100%       1d9       1%          1
b - Wereblood             Tmut           29%        N/A       2%          2
c - Summon Lightning Spi  Summ/Air       31%        N/A       12%         4

Your spell library contained the following spells:

 Spells                   Type           Power      Damage    Failure   Level
 Poisonous Vapours        Pois/Air       62%        N/A       1%          2
 Passwall                 Tmut/Erth      21%        N/A       3%          2
 Dazzling Flash           Conj/Hex       48%        N/A       8%          3
 Silence                  Hex/Air        15%        N/A       32%         5
 Agony                    Necr           24%        N/A       56%         5


Dungeon Overview and Level Annotations

Branches:
Dungeon (9/15)             Temple (1/1) D:7           Sewer (visited)
Ossuary (visited)          Bailey (1/1)
   Lair: D:8-11         Orc: D:9-12

Altars:
Ashenzari
Cheibriados
Dithmenos
Elyvilon
Fedhas
Gozag
Hepliaklqana
Kikubaaqudgha
Makhleb
Nemelex Xobeh
Okawaru
Qazlal
Ru
Sif Muna
Trog
Uskayaw
Vehumet
Wu Jian
Yredelemnul
Zin
The Shining One

Shops:
D:6 ?!*

Annotations:
D:3 Natasha
D:4 1 runed translucent door, mkat's ghost, amateur PaBr


Innate Abilities, Weirdness & Mutations

You have very sharp teeth.
Your uncanny sense of smell can sniff out nearby items.
Your experience applies equally to all skills.


Message History

Your killer bee barely misses the orc knight.
Your killer bee stings the orc knight but does no damage.
Your killer bee barely misses the orc knight.
Your killer bee stings the orc knight.
Your killer bee stings the orc knight but does no damage.
The orc knight hits your killer bee with a +0 war axe!!
Your killer bee dies!
Your killer bee's corpse disappears in a puff of smoke!
The orc knight hits your killer bee with a +0 war axe!!
Your killer bee dies!
Your killer bee's corpse disappears in a puff of smoke!
The orc knight hits your killer bee with a +0 war axe.
Your killer bee dies!
Your killer bee's corpse disappears in a puff of smoke!
The orc knight hits you with a +0 war axe!!
You hit the orc knight. Your punch misses the orc knight.
The orc knight is moderately wounded.
The orc knight misses you.
Aiming: Paralyse
Press: ? - help, Shift-Dir - straight line, f/p - orc knight
Aim: an orc knight, wielding a +0 war axe and wearing a +0 scale mail (moderately wounded, chance to affect: 47%)
The orc knight resists with some effort.
The orc knight hits you with a +0 war axe!
You draw a card...
You have drawn the Orb.
Press: ? - help, Shift-Dir - straight line, f/p - orc knight
Aim: an orc knight, wielding a +0 war axe and wearing a +0 scale mail (moderately wounded)
Your orb of destruction hits a stone wall. x3
The orc knight misses you.
Your orb of destruction hits a stone wall.
The orc knight attacks as you move away!
The orc knight hits you with a +0 war axe!!
* * * LOW HITPOINT WARNING * * *
There is an open door here.
You feel very buoyant.
You fly up into the air.
The orc knight closely misses you. The orc knight barely misses you.
The orc knight hits you with a +0 war axe!!
You die...
Your body disappears without a glow.

≈≈≈≈≈≈≈≈≈≈≈≈≈≈≈≈≈≈≈
≈≈≈≈≈≈≈≈≈≈≈≈≈≈≈≈≈≈≈
#~~~~~~~~~~)###### ≈≈≈≈
......∩.....)..'.# ≈≈≈≈≈
######.######..###≈≈≈≈≈≈
#!?.#...#.))#....#≈≈≈≈≈≈
#?!.#...#.))#...g#≈≈≈≈≈≈
#+###8.8###+##)#o#≈≈≈≈≈≈
# #...# #.g#@~≈≈≈≈≈≈ #
#8.8# #..#.~≈≈≈≈≈≈ #
#...# ∆∆#..#.~≈≈≈≈≈≈ #
∆∆#).#.~≈≈≈≈≈≈ #
#..#.~≈≈≈≈≈≈ #
#+##.~≈≈≈≈≈≈ #
#..#.~≈≈≈≈≈≈ #
#8.#.~≈≈≈≈≈≈ #
#..#.~≈≈≈≈≈≈


You could see an orc knight and a goblin.

Vanquished Creatures
  Pikel (D:6)
  2 orc knights (Bailey)
  Sigmund (D:3)
  6 yaks (D:8)
  Eustachio (D:5)
  A wyvern (D:8)
  Menkaure (D:5)
  9 orc warriors
  A water moccasin (D:6)
  2 ice beasts
  A black bear (D:6)
  An ogre (D:6)
  A centaur (D:6)
  2 phantoms
  A lemure (D:6)
  Blork the orc (D:5)
  3 kobold brigands (Sewer)
  4 scorpions
  3 bullfrogs
  A necrophage (D:7)
  4 wights (D:6)
  2 killer bees (D:8)
  4 electric eels
  2 centaur zombies (Ossuary)
  3 orc priests
  2 hounds
  4 jellies
  Crazy Yiuf (D:5)
  A gnoll bouda (D:5)
  Jessica (D:3)
  Natasha (D:3)
  Terence (D:3)
  5 iguanas
  4 orc wizards
  3 mummies (Ossuary)
  12 adders
  12 gnolls
  4 river rats (Sewer)
  2 shadow imps
  3 white imps
  An ufetubus (D:6)
  A dart slug (D:2)
  24 orcs
  10 ball pythons
  7 endoplasms
  7 giant cockroaches
  10 hobgoblins
  9 jackals
  2 quokkas
  5 bats
  4 frilled lizards
  10 goblins
  2 hobgoblin zombies (Ossuary)
  12 kobolds
  9 rats
227 creatures vanquished.

Vanquished Creatures (collateral kills)
  3 killer bees (D:8)
3 creatures vanquished.

Vanquished Creatures (others)
  6 plants (Sewer)
6 creatures vanquished.

Grand Total: 236 creatures vanquished

Notes
Turn   | Place    | Note
-------+----------+-------------------------------------------
     0 | D:1      | jtron the Gnoll Wanderer began the quest for the Orb.
     0 | D:1      | jtron set off with the following items: a +0 club, a scroll
                  | of fear, a +0 ring mail; and the following spell memorised:
                  | Shock; and the following spells available to memorise:
                  | Wereblood, Poisonous Vapours, Passwall, Summon Lightning
                  | Spire.
     0 | D:1      | Reached XP level 1. HP: 13/13 MP: 4/4
   166 | D:1      | You fall into a shaft and drop 1 floor!
   191 | D:1      | Reached XP level 2. HP: 19/19 MP: 3/5
   464 | D:1      | Found a faded altar of an unknown god.
   856 | D:1      | Reached XP level 3. HP: 23/25 MP: 7/7
  1035 | D:1      | Identified 3 scrolls of acquirement
  1035 | D:1      | Acquired the ring "Hanuntudgh" {rCorr Str+4 Dex+6 Slay+3}
  1110 | D:2      | Reached skill level 1 in Fighting
  1110 | D:2      | Reached skill level 1 in Short Blades
  1110 | D:2      | Reached skill level 1 in Long Blades
  1110 | D:2      | Reached skill level 1 in Axes
  1110 | D:2      | Reached skill level 1 in Maces & Flails
  1110 | D:2      | Reached skill level 1 in Polearms
  1110 | D:2      | Reached skill level 1 in Staves
  1110 | D:2      | Reached skill level 1 in Ranged Weapons
  1110 | D:2      | Reached skill level 1 in Throwing
  1110 | D:2      | Reached skill level 1 in Dodging
  1110 | D:2      | Reached skill level 1 in Stealth
  1110 | D:2      | Reached skill level 1 in Shields
  1110 | D:2      | Reached skill level 1 in Unarmed Combat
  1110 | D:2      | Reached skill level 1 in Invocations
  1110 | D:2      | Reached skill level 1 in Evocations
  1112 | D:2      | Reached XP level 4. HP: 21/32 MP: 1/8
  1393 | D:2      | Reached skill level 1 in Conjurations
  1393 | D:2      | Reached skill level 1 in Hexes
  1393 | D:2      | Reached skill level 1 in Summonings
  1393 | D:2      | Reached skill level 1 in Necromancy
  1393 | D:2      | Reached skill level 1 in Translocations
  1393 | D:2      | Reached skill level 1 in Fire Magic
  1393 | D:2      | Reached skill level 1 in Ice Magic
  1393 | D:2      | Reached skill level 1 in Earth Magic
  1393 | D:2      | Reached skill level 1 in Poison Magic
  1455 | D:2      | Learned a level 2 spell: Wereblood
  1696 | D:2      | Reached XP level 5. HP: 37/37 MP: 9/9
  2003 | D:3      | Noticed Terence
  2011 | D:3      | Killed Terence
  2072 | D:3      | Noticed Sigmund
  2080 | D:3      | Killed Sigmund
  2081 | D:3      | Reached XP level 6. HP: 29/44 MP: 9/11
  2262 | D:3      | Found a glowing drain.
  2287 | Sewer    | Entered a sewer
  2550 | Sewer    | Reached skill level 7 in Armour
  2550 | Sewer    | Reached XP level 7. HP: 47/51 MP: 12/12
  3165 | D:3      | Found a snail-covered altar of Cheibriados.
  3165 | D:3      | Found a shimmering blue altar of Sif Muna.
  3240 | D:3      | Noticed Jessica
  3244 | D:3      | Noticed Natasha
  3246 | D:3      | Killed Jessica
  3247 | D:3      | Killed Natasha
  3484 | D:3      | Noticed Natasha
  3666 | D:3      | Found a hazy altar of Hepliaklqana.
  3666 | D:3      | Found a faded altar of an unknown god.
  3675 | D:3      | Found a radiant altar of Vehumet.
  3683 | D:3      | Found an ancient bone altar of Kikubaaqudgha.
  3684 | D:3      | Found an iron altar of Okawaru.
  4159 | D:4      | Reached XP level 8. HP: 53/58 MP: 14/14
  4580 | D:4      | Found a runed translucent door.
  4591 | D:4      | Noticed mkat's ghost (amateur PaBr)
  4759 | D:5      | Entered Level 5 of the Dungeon
  4772 | D:4      | Acquired 824 gold pieces
  4843 | D:5      | Noticed Blork the orc
  4850 | D:5      | Killed Blork the orc
  5043 | D:5      | Noticed Eustachio
  5055 | D:5      | Killed Eustachio
  5061 | D:5      | Reached skill level 5 in Transmutations
  5265 | D:5      | Noticed Menkaure
  5279 | D:5      | Killed Menkaure
  5280 | D:5      | Reached XP level 9. HP: 65/65 MP: 13/16
  5325 | D:5      | Found a sand-covered staircase.
  5329 | Ossuary  | Entered an ossuary
  5485 | Ossuary  | Reached skill level 5 in Spellcasting
  5869 | D:5      | Found a runed translucent door.
  5870 | D:5      | Noticed Crazy Yiuf
  6250 | D:5      | Killed Crazy Yiuf
  6515 | D:6      | Reached skill level 8 in Armour
  6783 | D:6      | Reached skill level 5 in Invocations
  6785 | D:6      | Noticed Pikel
  6798 | D:6      | Killed Pikel
  7198 | D:6      | Found Eprod's Distillery.
  7207 | D:6      | Bought a potion of might for 44 gold pieces
  7207 | D:6      | Found Hudeidaa's Magic Scroll Boutique.
  7215 | D:6      | Bought a scroll of identify for 24 gold pieces
  7215 | D:6      | Bought a scroll of immolation for 48 gold pieces
  7215 | D:6      | Bought a scroll of identify for 24 gold pieces
  7233 | D:6      | Reached skill level 5 in Fighting
  7233 | D:6      | Reached skill level 5 in Short Blades
  7233 | D:6      | Reached skill level 5 in Long Blades
  7233 | D:6      | Reached skill level 5 in Axes
  7233 | D:6      | Reached skill level 5 in Maces & Flails
  7233 | D:6      | Reached skill level 5 in Polearms
  7233 | D:6      | Reached skill level 5 in Staves
  7233 | D:6      | Reached skill level 5 in Ranged Weapons
  7233 | D:6      | Reached skill level 5 in Throwing
  7233 | D:6      | Reached skill level 5 in Dodging
  7233 | D:6      | Reached skill level 5 in Stealth
  7233 | D:6      | Reached skill level 5 in Shields
  7233 | D:6      | Reached skill level 5 in Unarmed Combat
  7233 | D:6      | Reached skill level 5 in Evocations
  7233 | D:6      | Reached XP level 10. HP: 74/74 MP: 18/18
  7241 | D:6      | Found Bain Efe's General Store.
  7503 | D:6      | Bought a scroll of identify for 30 gold pieces
  7588 | D:6      | Found a sacrificial altar of Ru.
  7653 | D:7      | Found a staircase to the Ecumenical Temple.
  7663 | D:7      | Learned a level 4 spell: Summon Lightning Spire
  7665 | Temple   | Entered the Ecumenical Temple
  7729 | Temple   | Became a worshipper of Nemelex Xobeh the Trickster
  7996 | D:7      | Identified the +9 hand axe "Testudineslayer" {elec, rN+
                  | Will- Int+9 Stlth-}
  8521 | D:8      | Reached * piety under Nemelex Xobeh
  8573 | D:8      | Found a hide-covered altar of Uskayaw.
  8584 | D:8      | Identified the +0 leather armour of Ogaponn {rF+ Int+4
                  | Dex-3 Slay+6}
  8743 | D:8      | Received a gift from Nemelex Xobeh
  9258 | D:9      | Found a flagged portal.
  9290 | Bailey   | Entered a bailey
  9312 | Bailey   | Noticed an orc knight
  9332 | Bailey   | Killed an orc knight
  9756 | Bailey   | Reached skill level 9 in Armour
  9860 | Bailey   | Noticed an orc knight
  9871 | Bailey   | Killed an orc knight
  9872 | Bailey   | Reached skill level 5 in Conjurations
  9872 | Bailey   | Reached skill level 5 in Hexes
  9872 | Bailey   | Reached skill level 5 in Summonings
  9872 | Bailey   | Reached skill level 5 in Necromancy
  9872 | Bailey   | Reached skill level 5 in Translocations
  9872 | Bailey   | Reached skill level 5 in Fire Magic
  9872 | Bailey   | Reached skill level 5 in Ice Magic
  9872 | Bailey   | Reached skill level 5 in Earth Magic
  9872 | Bailey   | Reached skill level 5 in Poison Magic
  9872 | Bailey   | Reached XP level 11. HP: 21/81 MP: 21/21
 10075 | Bailey   | Noticed an orc knight
 10093 | Bailey   | Slain by an orc knight

Illustrated notes

Levels and vault maps discovered:
D:1:      saegor_arrival_miasma, layout_rooms, serial_forest,
          infiniplex_forest_end_1, infiniplex_forest_lined_4_way,
          infiniplex_forest_clump_curved, infiniplex_forest_3_way,
          infiniplex_forest_zigzag_1, hellmonk_ecumenical_altar_dog_temple
D:2:      layout_loops_cross, chequers_serial_rivers_marsh, hex_large
D:3:      layout_loops_corners, amethyst_overflow_temple_binary,
          chequers_temple_overflow_minitemple, gup_sewer_entry_glass,
          uniq_terence, uniq_jessica, uniq_natasha, uniq_sigmund
D:4:      layout_gridville, ebering_ghost_inner_flame,
          chequers_serial_rivers_micro_a
D:5:      cheibrodos_quashed, layout_basic, enter_ossuary_5,
          uniq_crazy_yiuf_cottage, uniq_menkaure, uniq_blork_the_orc,
          uniq_eustachio
D:6:      layout_basic, nicolae_ru_awakened_eye, serial_shops, shop,
          shop_fountains, nicolae_diamond_shop, uniq_pikel
D:7:      statuecave_lemuel, layout_gridville, temple_green
D:8:      layout_loops_ring, mainiacjoe_overflow_cross_hatched,
          serial_co_window_serial, co_window_corner_a, co_window_paths_a,
          co_window_of_opportunity_a, co_window_paths_a, co_window_corner_a,
          co_window_unsneaky_path_e, co_window_paths_c,
          co_window_of_opportunity_b, co_window_corner_ca, co_window_corner_ca,
          co_window_2corner, glass_columns_a, glass_columns_b,
          kennysheep_generic_room_11
D:9:      layout_loops_corners, enter_bailey_5,
          gammafunk_ghost_wrathful_warriors, minmay_mirror_moons_of_madness
Temple:   nicolae_temple_god_jail
Bailey:   bailey_axe_of_yendor_kennysheep, bailey

Skill      XL: |  1  2  3  4  5  6  7  8  9 10 |
---------------+-------------------------------+-----
Fighting       | 1 2 3 5 6 |  6.1
Short Blades   | 1 2 3 5 6 |  6.1
Long Blades    | 1 2 3 5 6 |  6.1
Axes           | 1 2 3 5 6 |  6.1
Maces & Flails | 1 2 3 5 6 |  6.1
Polearms       | 1 2 3 5 6 |  6.1
Staves         | 1 2 3 5 6 |  6.1
Ranged Weapons | 1 2 3 5 6 |  6.1
Throwing       | 1 2 3 5 6 |  6.1
Dodging        | 1 2 3 5 6 |  6.1
Stealth        | 1 2 3 5 6 |  6.1
Shields        | 1 2 3 5 6 |  6.1
Unarmed Combat | 1 2 3 5 6 |  6.1
Invocations    | 1 2 3 4 5 6 |  6.7
Evocations     | 1 2 3 5 6 |  6.1
Spellcasting   | 3 4 5 6 |  6.8
Conjurations   | 1 2 3 4 5 |  5.0
Hexes          | 1 2 3 4 5 |  5.0
Summonings     | 1 2 3 4 5 |  5.0
Necromancy     | 1 2 3 4 5 |  5.0
Translocations | 1 2 3 4 5 |  5.0
Fire Magic     | 1 2 3 4 5 |  5.0
Ice Magic      | 1 2 3 4 5 |  5.0
Earth Magic    | 1 2 3 4 5 |  5.0
Poison Magic   | 1 2 3 4 5 |  5.0
Transmutations | 4 5 6 |  6.4
Armour         | 7 8 9 |  9.1
Air Magic      | 8 |  8.8

Action                   |  1- 3 |  4- 6 |  7- 9 | 10-12 || total
-------------------------+-------+-------+-------+-------++-------
Melee: Club              |    26 |       |       |       ||    26
       Short sword       |    31 |    45 |       |       ||    76
       Bite              |     4 |     6 |    21 |     5 ||    36
       Punch             |     1 |       |     2 |     2 ||     5
       Long sword        |       |    38 |   194 |    92 ||   324
 Fire: Shortbow          |       |       |     9 |    13 ||    22
Throw: Dart              |     3 |     6 |     8 |     5 ||    22
       Stone             |       |     3 |     3 |     1 ||     7
       Throwing net      |       |     3 |       |       ||     3
 Cast: Shock             |    24 |    13 |    23 |    11 ||    71
       Wereblood         |       |     1 |     4 |     2 ||     7
Invok: Draw Summoning    |       |       |       |     2 ||     2
       Draw Destruction  |       |       |       |     1 ||     1
Evoke: Wand              |       |       |       |    10 ||    10
  Use: Scroll            |     1 |     3 |     6 |     2 ||    12
       Potion            |       |       |     3 |     4 ||     7
 Stab: Held in net/web   |       |     1 |       |       ||     1
       Sleeping          |       |       |     5 |     3 ||     8
Armor: Ring mail         |    44 |    21 |   129 |    18 ||   212
Dodge: Dodged            |    56 |    34 |   162 |    58 ||   310
Block: Buckler           |       |       |    55 |       ||    55
